Map: 2000 Atmospheres LE

Players

PtitDrogo - Winner!

  • Race: Protoss Protoss
  • League: Grandmaster

ShaDoWn

  • Race: Protoss Protoss

Event: DreamHack SC2 Masters 2021 Summer

VOD

Have the link to the VOD?

Description

Time

  • Played on: May 20, 2021, 1:43 p.m.
  • Length: 10:15

All games in this series

Show
View Real Time Build Order
Export as new Build Order

PtitDrogo Protoss - Winner!

Build Orders: Phoenix Opening 

Get SALT Encoding   

  12  0:00  Probe  
  13  0:12  Probe  
  14  0:17  Pylon  
  14  0:24  Probe  
  15  0:35  Gateway  
  15  0:36  Probe (Chrono Boost)  
  16  0:46  Probe (Chrono Boost), Assimilator  
  17  0:51  Probe (Chrono Boost)  
  17  0:56  Assimilator  
  18  1:03  Probe (Chrono Boost)  
  19  1:07  Gateway  
  19  1:12  Probe (Chrono Boost)  
  19  1:18  Probe  
  20  1:24  Cybernetics Core  
  21  1:30  Probe  
  22  1:35  Pylon  
  22  1:42  Probe  
  23  1:54  Probe  
  23  2:01  Stalker x2, Warp Gate  
  28  2:11  Pylon  
  28  2:14  Probe  
  29  2:20  Shield Battery  
  29  2:28  Pylon  
  29  2:34  Sentry x2  
  33  2:46  Nexus  
  33  2:48  Probe  
  34  2:55  Shield Battery  
  34  3:00  Probe  
  34  3:02  Sentry  
  37  3:08  Phoenix  
  37  3:09  Pylon  
  38  3:12  Probe (Chrono Boost)  
  38  3:22  Probe (Chrono Boost)  
  38  3:25  Twilight Council  
  39  3:27  Probe (Chrono Boost)  
  40  3:39  Probe (Chrono Boost)  
  41  3:46  Forge  
  41  3:51  Probe (Chrono Boost)  
  42  4:00  Probe x2 (Chrono Boost)  
  42  4:01  Blink (Chrono Boost)  
  44  4:07  Probe (Chrono Boost)  
  44  4:09  Probe (Chrono Boost)  
  46  4:12  Probe (Chrono Boost)  
  46  4:13  Protoss Ground Weapons Level 1 (Chrono Boost)  
  46  4:15  Shield Battery  
  47  4:17  Probe  
  47  4:21  Stalker x2  
  52  4:24  Probe  
  52  4:26  Shield Battery  
  52  4:29  Probe  
  54  4:36  Probe  
  55  4:41  Probe  
  55  4:44  Assimilator  
  56  4:48  Probe, Robotics Facility  
  57  4:54  Probe  
  57  4:58  Nexus  
  58  5:00  Probe, Pylon  
  58  5:06  Probe  
  60  5:10  Gateway x2  
  60  5:19  Stalker x2  
  64  5:22  Probe x2  
  64  5:28  Gateway  
  66  5:30  Gateway  
  66  5:32  Phoenix  
  66  5:33  Pylon  
  66  5:37  Warp Prism (Chrono Boost)  
  66  5:42  Probe  
  69  5:49  Pylon  
  69  6:00  Stalker x2  
  69  6:02  Pylon  
  69  6:03  Pylon  
  73  6:07  Observer  
  73  6:10  Stalker x2  
  78  6:14  Shield Battery  
  78  6:25  Stalker x4  
  78  6:49  Stalker x6  
  80  7:07  Probe  
  73  7:10  Probe x2  
  73  7:12  Stalker x5  
  73  7:14  Charge (Chrono Boost)  
  77  7:20  Probe  
  72  7:26  Stalker  
  75  7:30  Gateway  
  75  7:31  Gateway  
  75  7:33  Probe  
  75  7:35  Zealot x2  
  75  7:36  Zealot x3  
  85  7:37  Protoss Ground Weapons Level 2 (Chrono Boost)  
  83  7:57  Probe  
  80  8:01  Zealot x6  
  92  8:07  Dark Shrine  
  92  8:08  Probe  
  92  8:09  Probe x2  
  95  8:14  Photon Cannon  
  95  8:19  Assimilator  
  95  8:23  Zealot x6  
  107  8:37  Pylon  
  107  8:41  Pylon  
  107  8:42  Nexus  
  105  8:51  Zealot x2  
  105  8:52  Zealot x2  
  105  8:55  Pylon  
  113  8:59  Pylon  
  113  9:00  Zealot  
  113  9:01  Zealot  
  113  9:11  Zealot x2  
  113  9:14  Zealot x3  
  113  9:15  Zealot  
  125  9:18  Pylon  
  125  9:24  Dark Templar x2  
  129  9:34  Zealot  
  129  9:35  Zealot  
  133  9:42  Dark Templar x4  
  133  9:44  Probe  
  134  9:59  Zealot x4  
Show
View Real Time Build Order
Export as new Build Order

ShaDoWn Protoss 

Build Orders:  

Get SALT Encoding   

  12  0:00  Probe  
  13  0:12  Probe  
  14  0:17  Pylon  
  14  0:24  Probe (Chrono Boost)  
  15  0:36  Gateway  
  15  0:37  Probe (Chrono Boost)  
  16  0:44  Probe (Chrono Boost)  
  16  0:45  Assimilator  
  17  0:51  Probe  
  17  0:54  Assimilator  
  18  1:03  Probe (Chrono Boost)  
  19  1:07  Gateway  
  19  1:14  Probe (Chrono Boost)  
  20  1:19  Probe (Chrono Boost)  
  21  1:26  Cybernetics Core  
  21  1:29  Probe  
  22  1:35  Pylon  
  22  1:41  Probe  
  23  1:53  Probe  
  24  2:00  Warp Gate (Chrono Boost)  
  24  2:02  Stalker x2  
  28  2:11  Pylon  
  28  2:34  Probe  
  29  2:37  Sentry  
  29  2:41  Nexus  
  30  2:47  Probe  
  30  2:49  Sentry  
  33  2:54  Shield Battery  
  33  2:59  Probe  
  33  3:03  Sentry  
  36  3:10  Pylon  
  36  3:11  Probe  
  37  3:19  Twilight Council  
  37  3:23  Probe  
  38  3:35  Probe  
  39  3:42  Adept x2  
  44  3:48  Probe (Chrono Boost)  
  44  3:51  Forge  
  44  3:53  Probe (Chrono Boost)  
  45  4:00  Probe (Chrono Boost)  
  47  4:03  Probe (Chrono Boost)  
  47  4:04  Blink (Chrono Boost)  
  47  4:06  Probe (Chrono Boost)  
  47  4:08  Probe (Chrono Boost)  
  50  4:17  Probe (Chrono Boost)  
  50  4:19  Probe (Chrono Boost)  
  51  4:24  Protoss Ground Weapons Level 1  
  51  4:28  Probe (Chrono Boost)  
  51  4:29  Probe (Chrono Boost)  
  53  4:33  Probe  
  53  4:36  Robotics Facility  
  54  4:42  Probe  
  53  4:46  Nexus  
  53  4:49  Probe  
  53  4:50  Assimilator  
  54  4:55  Probe  
  53  5:01  Probe  
  53  5:03  Stalker x2  
  58  5:07  Probe  
  58  5:12  Gateway  
  58  5:13  Probe  
  60  5:15  Gateway  
  60  5:19  Probe  
  61  5:22  Pylon  
  61  5:23  Observer  
  62  5:31  Pylon  
  62  5:40  Probe (Chrono Boost)  
  64  5:43  Probe (Chrono Boost)  
  64  5:44  Observer, Stalker x2  
  69  5:52  Probe (Chrono Boost)  
  71  5:57  Probe (Chrono Boost)  
  71  5:59  Probe (Chrono Boost)  
  71  6:02  Probe (Chrono Boost)  
  73  6:04  Gateway  
  73  6:05  Gateway  
  73  6:07  Gateway  
  73  6:11  Gateway, Charge (Chrono Boost)  
  76  6:13  Immortal (Chrono Boost)  
  76  6:16  Stalker  
  79  6:20  Shield Battery  
  79  6:21  Sentry  
  79  6:23  Stalker  
  83  6:25  Stalker  
  83  6:28  Probe x2  
  83  6:29  Probe  
  88  6:33  Pylon  
  88  6:36  Pylon  
  84  6:40  Probe x2, Stalker  
  84  6:45  Stalker  
  82  6:49  Stalker  
  82  6:51  Stalker  
  77  6:58  Probe  
  77  7:00  Probe  
  70  7:04  Stalker x2  
  70  7:05  Zealot x2  
  69  7:13  Zealot x3  
  68  7:17  Stalker  
  62  7:27  Probe x2  
  62  7:29  Shield Battery, Stalker  
  67  7:32  Sentry  
  69  7:37  Stalker  
  69  7:39  Probe  
  69  7:40  Stalker  
  69  7:41  Zealot  
  69  7:42  Zealot  
  75  7:54  Zealot x3  
  75  8:00  Probe x2 (Chrono Boost)  
  75  8:01  Probe (Chrono Boost)  
  75  8:05  Stalker x2  
  82  8:07  Zealot  
  87  8:12  Probe (Chrono Boost)  
  87  8:14  Probe (Chrono Boost)  
  87  8:15  Zealot  
  87  8:18  Probe (Chrono Boost)  
  87  8:19  Probe (Chrono Boost)  
  90  8:21  Probe (Chrono Boost)  
  90  8:24  Probe  
  92  8:27  Pylon  
  92  8:37  Nexus  
  92  8:42  Pylon  
  92  8:48  Probe  
  92  8:49  Probe  
  92  8:51  Zealot x3  
  92  8:52  Templar Archives  
  100  9:00  Pylon  
  100  9:01  Zealot x3  
  106  9:11  Probe  
  106  9:15  Observer  
  108  9:20  Shield Battery  
  108  9:25  Zealot x4  
  116  9:36  Nexus  
  110  9:39  Zealot x3  
  104  9:46  Zealot x5  
  104  9:47  Probe  
  104  9:51  Observer (Chrono Boost)  
  95  9:54  Probe  
Tags
 
Add a new tag
Caveats
  • Supply blocks, unpowered buildings, or Contaminate may cause inaccurate times.
  • Supply counts are checked every 10 seconds.